Cogmind - Beta 12 @@@ ROGUE MODE // 2023.12.24 @ 12:03:42 Player: Pitt Result: Destroyed by Y-45 Defender with Heavy Assault Rifle Performance ------------- Evolutions (1) 500 Regions Visited (4) 800 Robots Destroyed (75) 375 Value Destroyed (1861) 1861 Prototype IDs (0) 0 Alien Tech Used (0) 0 Bonus (257) 257 TOTAL SCORE: 3793 Bonus ------- High Alert Combat Kills 57 Entered Garrisons 200 Cogmind --------- Core Integrity 0/400 Matter 300/300 Energy 100/100 System Corruption 0% Temperature Cool (9) Movement Walking (260) Ox2 Location -9/Garrison Parts ------- > --- POWER (1) -------- (None) > --- PROPULSION (3) --- Aluminum Leg > --- UTILITY (3) ------ Heat Sink Large Storage Unit > --- WEAPON (2) ------- Katana > --- INVENTORY (15) --- Ion Engine Ion Engine Light Ion Engine Wheel Compact Wheel Heat Sink Medium Storage Unit Structural Scanner Terrain Scanner ECM Suite Heavy EM Pulse Gun Rocket Launcher Datajack Mining Laser Peak State ------------ > --- POWER ------------ Light Ion Engine > --- PROPULSION ------- Wheel Wheel Wheel > --- UTILITY ---------- Medium Storage Unit Seismic Detector Medium Armor Plating > --- WEAPON ----------- Heavy Assault Rifle Katana > --- INVENTORY -------- Ion Engine Large Storage Unit Structural Scanner ECM Suite Propulsion Shielding Heavy EM Pulse Gun Assault Rifle Mini Grenade Launcher Mining Laser [Rating: 14] Favorites ----------- Power Light Ion Engine Engine Light Ion Engine Propulsion Wheel Leg Aluminum Leg Wheel Wheel Utility Improved Terrain Scanner Device Improved Terrain Scanner Storage Medium Storage Unit Processor Terrain Scan Processor Protection Propulsion Shielding Weapon Assault Rifle Energy Gun Medium Laser Energy Cannon Beam Cannon Ballistic Gun Assault Rifle Launcher Mini Grenade Launcher Special Weapon Mining Laser Slashing Weapon Katana Build | -11 -10 -9 -9 -9 ------- Run | Jun Mat Mat Sto Gar Slots Evolved 2 | . . 2 . . Power . | . . . . . Propulsion 1 | . . 1 . . Utility 1 | . . 1 . . Weapon . | . . . . . Parts Attached 76 | 6 23 13 12 22 Power 7 | . 4 1 1 1 Engine 7 | . 4 1 1 1 Core . | . . . . . Reactor . | . . . . . Propulsion 18 | 2 4 6 3 3 Treads . | . . . . . Leg 3 | . . . . 3 Wheel 15 | 2 4 6 3 . Hover . | . . . . . Flight . | . . . . . Utility 16 | 2 4 2 5 3 Device 7 | 1 3 . 2 1 Storage 3 | 1 1 . 1 . Processor 1 | . . . 1 . Hackware . | . . . . . Protection 5 | . . 2 1 2 Artifact . | . . . . . Weapon 35 | 2 11 4 3 15 Energy Gun 7 | . 3 . . 4 Energy Cannon 1 | . . 1 . . Ballistic Gun 13 | 2 3 1 2 5 Ballistic Cannon . | . . . . . Launcher 6 | . 1 1 . 4 Special Weapon 5 | . 4 . 1 . Impact Weapon . | . . . . . Slashing Weapon 3 | . . 1 . 2 Piercing Weapon . | . . . . . Special Melee Weapon . | . . . . . Unidentified Prototypes . | . . . . . Parts Lost 17 | . 1 5 3 8 Power 3 | . . 1 1 1 Propulsion 6 | . . 2 1 3 Utility 4 | . 1 . 1 2 Weapon 4 | . . 2 . 2 Highest Loss Streak 6 | . 1 3 2 6 To Critical Strikes . | . . . . . Average Slot Usage (%) 95 | . 97 84 97 95 Engine 10 | . 12 2 9 10 Leg 3 | . . . . 16 Wheel 26 | . 28 29 32 14 Device 12 | . 13 11 10 10 Storage 12 | . 14 11 11 11 Processor 2 | . . . 8 3 Protection 2 | . . 8 2 7 Energy Gun 5 | . 9 . . 4 Ballistic Gun 12 | . 13 11 10 15 Special Weapon 2 | . 4 . . . Slashing Weapon 3 | . . 8 11 1 Naked Turns . | . . . . . Heaviest Build 33 | 10 20 26 29 33 Greatest Support 36 | 26 26 30 36 36 Greatest Overweight (x) 3 | . . 2 . 3 Average Overweight (x) . | . . . . . Largest Inventory Capacity 15 | 8 10 10 15 15 Average Capacity 10 | 7 8 10 10 15 Most Carried 15 | 7 10 10 10 15 Average Carried 9 | 3 8 9 9 12 Final Capacity 15 | 8 10 10 15 15 Final Carried 14 | 7 10 10 10 14 Class Distribution -------------------- 50% | Scavenger-Mutant 49% | Mutant Dominant Class ---------------- Mutant | -10/Materials Scavenger-Mutant | -9/Materials Scavenger-Mutant | -9/Storage Scavenger-Mutant | -9/Garrison Resources | -11 -10 -9 -9 -9 ----------- Run | Jun Mat Mat Sto Gar Matter Collected 1493 | 392 333 205 120 443 Remotely . | . . . . . Salvage Created 2661 | 271 307 378 727 978 Parts 175 | 26 36 24 45 44 Haulers Intercepted . | . . . . . Recyclers Shooed . | . . . . . Parts Field Recycled . | . . . . . Retrieved Matter . | . . . . . Parts Self-Destructed . | . . . . . Prevented . | . . . . . Kills | -11 -10 -9 -9 -9 ------- Run | Jun Mat Mat Sto Gar Combat Hostiles Destroyed 47 | . 10 10 10 17 Melee 18 | . . 4 10 4 Guns 19 | . 8 4 . 7 AOE 10 | . 2 2 . 6 Classes Destroyed 11 | 3 4 4 . . Worker 6 | 1 3 . 2 . Builder 5 | . 1 1 3 . Tunneler 10 | 9 . 1 . . Recycler 2 | 1 . . 1 . Mechanic 1 | . . 1 . . Operator 2 | . . 1 1 . Watcher 2 | . 2 . . . Swarmer 13 | . 6 4 . 3 Grunt 22 | . 4 3 4 11 Duelist 2 | . . 1 . 1 Sentry 10 | . . 2 6 2 Best Kill Streak 8 | 5 8 6 8 3 Combat Bots Only 6 | . 3 5 6 3 Max Kills in Single Turn 3 | 2 3 2 1 2 Gunslinging . | . . . . . Exploded 2 | . 1 2 . 2 Melee 1 | . . 1 1 1 Uniques/NPCs Destroyed . | . . . . . Combat | -11 -10 -9 -9 -9 -------- Run | Jun Mat Mat Sto Gar Damage Taken 2455 | . 368 762 300 1025 Core 447 | . 41 118 74 214 Absorbed by Shields . | . . . . . Redirected to Shielding 52 | . . . . 52 Regen/Repaired (Parts) 61 | . 61 . . . Core Remaining (%) 91 | 100 83 . . . Volleys Fired 151 | 22 38 20 2 69 Largest 2 | 2 2 2 1 2 Hottest 100 | 40 100 80 100 68 Shots Fired 228 | 44 58 33 2 91 Gun 193 | 44 40 27 . 82 Cannon 5 | . . 5 . . Launcher 14 | . 4 1 . 9 Special 16 | . 14 . 2 . Kinetic 153 | 44 29 27 . 53 Thermal 32 | . 25 5 2 . Explosive 14 | . 4 1 . 9 Electromagnetic 29 | . . . . 29 Robot Hit Streak 14 | 13 7 9 . 14 Robot Miss Streak 4 | 3 3 4 . 1 Penetration Max . | . . . . . Secondary Targets 1 | . 1 . . . Max Gunslinging Chain 1 | . 1 . . . Shots Hit Robots 184 | 25 24 36 25 74 Core Hits 110 | 11 21 15 13 50 Critical Kills . | . . . . . Critical Parts Destroyed 2 | . 1 1 . . Critical Strikes 6 | . 2 2 1 1 Burn 1 | . 1 . . . Destroy 2 | . 1 1 . . Sever 3 | . . 1 1 1 Melee Attacks 63 | . . 22 26 15 Impact . | . . . . . Slashing 63 | . . 22 26 15 Piercing . | . . . . . Sneak Attacks 12 | . . 4 8 . Combat Hostiles . | . . . . . Follow-up Attacks . | . . . . . Damage Inflicted 5345 | 328 613 1049 1081 2274 Guns 1680 | 328 300 214 . 838 Cannons 70 | . . 70 . . Explosions 1391 | . 313 84 . 994 Melee 2204 | . . 681 1081 442 Ramming . | . . . . . Kinetic 1171 | 328 211 214 . 418 Thermal 342 | . 89 70 . 183 Explosive 1208 | . 313 84 . 811 Electromagnetic 420 | . . . . 420 Impact . | . . . . . Slashing 2204 | . . 681 1081 442 Piercing . | . . . . . Highest Corruption . | . . . . . Average Corruption . | . . . . . Corruption Purged . | . . . . . Corruption Blocked . | . . . . . Overload Shots . | . . . . . Overflow Damage 250 | . 15 20 157 58 Projectiles . | . . . . . Explosions 52 | . 15 . . 37 Melee 198 | . . 20 157 21 Knockbacks . | . . . . . Impact . | . . . . . Kinetic . | . . . . . Secondary . | . . . . . Self-Inflicted Damage 130 | . 54 . . 76 Shots 4 | . 2 . . 2 Rammed . | . . . . . Targets Rammed . | . . . . . Kicked . | . . . . . Crushed . | . . . . . Highest Temperature 100 | . 100 36 8 2 Average Temperature 26 | . 29 24 5 1 Received Heat Transfer 750 | . 120 162 132 336 Siege Activations . | . . . . . Robots Corrupted 3 | . . . . 3 Combat Hostiles . | . . . . . Parts Fried 1 | . . . . 1 Impact Corruptions . | . . . . . Robots Melted . | . . . . . Combat Hostiles . | . . . . . Parts Melted 1 | . 1 . . . Heat Transferred 731 | . 333 148 . 250 Parts Sabotaged . | . . . . . Parts Stolen . | . . . . . Parts Stripped . | . . . . . Power Chain Reactions 3 | . . . . 3 Missiles Intercepted . | . . . . . Alert | -11 -10 -9 -9 -9 ------- Run | Jun Mat Mat Sto Gar Peak Influence 613 | 55 245 377 306 613 Initial 128 | . 35 103 76 128 Average 139 | 27 41 222 166 375 Maximum Alert Level 2 | . 1 1 1 2 Low Security (%) 72 | 100 93 27 72 27 Level 1 19 | . 6 72 27 25 Level 2 8 | . . . . 46 Level 3 . | . . . . . Level 4 . | . . . . . Level 5 . | . . . . . High Security . | . . . . . Max Security . | . . . . . Squads Dispatched 2 | . . 1 1 . Investigation . | . . . . . Extermination . | . . . . . Reinforcement 2 | . . 1 1 . Assault . | . . . . . Garrison . | . . . . . Intercept . | . . . . . Searches Triggered . | . . . . . Construction Impeded . | . . . . . Haulers Reinforced . | . . . . . Active Scanning Responses . | . . . . . Cargo Convoy Interrupts . | . . . . . Stealth | -11 -10 -9 -9 -9 --------- Run | Jun Mat Mat Sto Gar Distress Signals 3 | . 1 1 1 . Communications Jammed . | . . . . . Distress Signals . | . . . . . Times Spotted 60 | . 15 15 11 19 Peak Tracking Total 7 | . 4 7 4 4 Tactical Retreats 3 | . . 1 . 2 Traps | -11 -10 -9 -9 -9 ------- Run | Jun Mat Mat Sto Gar Traps Triggered . | . . . . . Indirectly . | . . . . . Trap Hack Attempts . | . . . . . Triggered . | . . . . . Disarmed . | . . . . . Reprogrammed . | . . . . . Reused . | . . . . . Traps Extracted . | . . . . . Installed . | . . . . . Triggered . | . . . . . Machines | -11 -10 -9 -9 -9 ---------- Run | Jun Mat Mat Sto Gar Machines Disabled 2 | . . 1 . 1 Max in Single Turn 1 | . . 1 . 1 Garrison Relay 1 | . . . . 1 Machines Repaired . | . . . . . Machines Sabotaged . | . . . . . Overloaded Fab Kills . | . . . . . Hacking | -11 -10 -9 -9 -9 --------- Run | Jun Mat Mat Sto Gar Machines Accessed 10 | . 6 1 3 . Terminals 8 | . 5 1 2 . Fabricators . | . . . . . Repair Stations 1 | . 1 . . . Recycling Units . | . . . . . Scanalyzers . | . . . . . Garrison Access 1 | . . . 1 . Total Hacks 31 | . 23 2 6 . Successful 16 | . 15 . 1 . Failed 15 | . 8 2 5 . Catastrophic 3 | . 2 . 1 . Database Lockouts . | . . . . . Manual 24 | . 19 2 3 . Terminals 26 | . 19 2 5 . Fabricators . | . . . . . Repair Stations 4 | . 4 . . . Recycling Units . | . . . . . Scanalyzers . | . . . . . Garrison Access 1 | . . . 1 . Terminal Hacks 4 | . 4 . . . Terminal Index 1 | . 1 . . . Repair Station Index 1 | . 1 . . . Zone Layout 2 | . 2 . . . Fabricator Hacks . | . . . . . Repair Station Hacks 4 | . 4 . . . Scan Component 2 | . 2 . . . Repair 2 | . 2 . . . Recycling Unit Hacks . | . . . . . Scanalyzer . | . . . . . Garrison Access Hacks 1 | . . . 1 . Unlock Access 1 | . . . 1 . Unauthorized Hacks 7 | . 7 . . . Terminals 7 | . 7 . . . Track 2 | . 2 . . . Assimilate 1 | . 1 . . . Botnet 3 | . 3 . . . Operators 1 | . 1 . . . Fabricators . | . . . . . Repair Stations . | . . . . . Recycling Units . | . . . . . Scanalyzers . | . . . . . Garrison Access . | . . . . . Data Cores Recovered . | . . . . . Used . | . . . . . Hacking Detections 8 | . 5 1 2 . Full Trace Events . | . . . . . Feedback Events . | . . . . . Feedback Blocked . | . . . . . Robot Schematics Acquired . | . . . . . Robots Built . | . . . . . Authchips . | . . . . . Time . | . . . . . Total Robot Build Rating . | . . . . . Part Schematics Acquired . | . . . . . Parts Built . | . . . . . Authchips . | . . . . . Time . | . . . . . Total Part Build Rating . | . . . . . Parts Repaired 2 | . 2 . . . Time 52 | . 52 . . . Parts Recycled . | . . . . . Recycled Matter . | . . . . . Retrieved Matter . | . . . . . Retrieved Components . | . . . . . Parts Scanalyzed . | . . . . . Part Schematics Acquired . | . . . . . Parts Damaged . | . . . . . Bothacking | -11 -10 -9 -9 -9 ------------ Run | Jun Mat Mat Sto Gar Used RIF Installer . | . . . . . Robots Hacked . | . . . . . Non-combat . | . . . . . Combat . | . . . . . Robot Hacks Applied . | . . . . . Relay Couplers Released 5 | . . . . 5 Machine Destruction 5 | . . . . 5 Fabnet Peak Effective % . | . . . . . Robots Rewired . | . . . . . Allies Hacked . | . . . . . Hacks Repelled . | . . . . . Allies | -11 -10 -9 -9 -9 -------- Run | Jun Mat Mat Sto Gar Total Allies 1 | . 1 . . . Largest Group 1 | . 1 1 . . Highest-Rated Group 10 | . 10 10 . . Highest-Rated Ally 10 | . 10 10 . . Total Orders . | . . . . . Ally Attacks . | . . . . . Total Damage . | . . . . . Kills . | . . . . . Allies Corrupted . | . . . . . Allies Melted . | . . . . . Intel | -11 -10 -9 -9 -9 ------- Run | Jun Mat Mat Sto Gar Robot Analysis Total . | . . . . . Derelict Logs Recovered . | . . . . . Drone Launches . | . . . . . Drone Recoveries . | . . . . . Exploration | -11 -10 -9 -9 -9 ------------- Run | Jun Mat Mat Sto Gar Turns Passed 4600 | 290 2275 411 785 839 Spaces Moved 1357 | 163 447 125 195 427 Core 2 | 2 . . . . Treads . | . . . . . Legs 177 | . . . . 177 Wheels 1178 | 161 447 125 195 250 Hover . | . . . . . Flight . | . . . . . Fastest Speed 50 | 50 80 80 80 86 Average Speed 100 | 89 86 84 84 131 Slowest Speed 330 | 100 90 110 90 330 Overloaded Moves . | . . . . . Propulsion Burnouts . | . . . . . Robots Hopped . | . . . . . Cave-ins Triggered . | . . . . . Exploration Rate (%) 28 | 4 58 10 29 39 Regions Visited 4 Branch Regions 1 Pre-discovered Areas . | . . . . . Known Exits Taken 1 | . . . 1 . Unknown Exits Taken 3 | 1 1 1 . . Scrap Searched . | . . . . . Spaces Dug 18 | . 14 . 2 2 Terrain Destroyed 111 | . 47 11 2 51 Melee . | . . . . . Projectile 16 | . 14 . 2 . AOE 95 | . 33 11 . 51 Terrain Rammed . | . . . . . Walls Destroyed . | . . . . . Machines Disabled . | . . . . . Actions | -11 -10 -9 -9 -9 --------- Run | Jun Mat Mat Sto Gar Total 4220 | 260 2246 360 769 585 Wait 2525 | 61 1720 179 521 44 Move 1353 | 162 446 124 194 427 Hop . | . . . . . Pick Up 27 | 8 9 1 5 4 Fast Attach 21 | 6 3 5 4 3 Attach 9 | . 1 3 1 4 Detach 5 | . . . 1 4 Swap 46 | . 19 5 7 15 Drop 20 | 1 10 1 8 . Fire 151 | 22 38 20 2 69 Melee 63 | . . 22 26 15 Ram . | . . . . . Kick . | . . . . . Crush . | . . . . . Escape Stasis . | . . . . . Rewire . | . . . . . Trap . | . . . . . Miscellaneous . | . . . . . Route ------- -11/Junkyard -10/Materials (discovered 2 exits: *Mat / [*Min]) -9/Materials -9/Storage -9/Garrison (discovered 1 exit: [*Rec]) History --------- Turn | Location | Event 18 | -11/Junkyard | Discovered new exit (range 16) 291 | -11/Junkyard | Entered Materials 311 | -10/Materials | Build established: Mutant 811 | -10/Materials | Discovered new exit (range 15) 2165 | -10/Materials | Discovered new exit (range 14) 2459 | -10/Materials | Repaired Lgt. Ion Engine 2488 | -10/Materials | Repaired Wheel 2566 | -10/Materials | Entered another Materials area 2566 | -9/Materials | Accompanied by 1 ally 2566 | -9/Materials | Evolved 2 slots: Propulsion x1, Utility x1 2626 | -9/Materials | Discovered new exit (range 16) 2688 | -9/Materials | Lost 3 parts (1p1n1w) 2977 | -9/Materials | Entered Storage 2985 | -9/Storage | Build established: Scavenger-Mutant 3761 | -9/Storage | Identified exit to Garrison 3762 | -9/Storage | Entered Garrison 3921 | -9/Garrison | Triggered checkpoint 3965 | -9/Garrison | Triggered checkpoint 4039 | -9/Garrison | Core integrity fell below 50% 4078 | -9/Garrison | Triggered checkpoint 4207 | -9/Garrison | Triggered checkpoint 4350 | -9/Garrison | Triggered checkpoint 4441 | -9/Garrison | Garrison Relay disabled 4520 | -9/Garrison | Discovered new exit (range 10) 4558 | -9/Garrison | Triggered checkpoint 4581 | -9/Garrison | Core integrity fell below 20% 4601 | -9/Garrison | Destroyed by Y-45 Defender with Heavy Assault Rifle Last Messages --------------- 04441_ Relay Coupler [Swarmer] tumbles out of relay unit. 04470_ S-10 Pest destroyed. 04473_ Acquired 10 matter. 04474_ Acquired 2 matter. 04476_ Acquired 11 matter. 04520_ EXIT=FOUND 04558_ C-30 ARC bursts open, deploying its payload. 04558_ G-47 Trooper unfolds itself. 04558_ G-34 Mercenary unfolds itself. 04570_ G-34 Mercenary destroyed. 04571_ Hvy. Assault Rifle destroyed. 04579_ G-34 Mercenary destroyed. 04581_ Destroyed Heat Sink. 04583_ Propulsion Shielding destroyed. 04586_ Ion Engine destroyed. 04590_ Destroyed Lgt. Nuclear Core. 04595_ Aluminum Leg destroyed. 04595_ G-47 Trooper destroyed. 04597_ Acquired 4 matter. 04598_ Aluminum Leg destroyed. Map ----- +----------------------------------------------------+ | | | | | ?????????????????????????????????????????????? | | ?????????????????????????????????????????????? | | ?????????????????????????????????????????????? | | ?????????????????????????????????????????????? | | ?????????????????????????????????????????????? | | ?????????????????????????????????????????????? | | ?????????????????????????????????????????????? | | ?????????????????????????????????????????????? | | ?????????????????????????????????????????????? | | ?????????????????????????????????????????????? | | ?????????????????????????????????????????????? | | ?????????????????????????????????????????????? | | ??????????????????????????????#####??????????? | | ?????????????????????????????## #??????????? | | ??????????????####???###????## # #??????????? | | ??????????????? "%"??# #????# #??????????? | | ????????# ###""" ###+##???# ##??????????? | | ????????# #???## #??????????? | | ????????# #????# ####??????????? | | ?????????????######## ##????# #?????????????? | | ????????????????????# =#?????# #??#####??????? | | ????????????????????#!!#?????# #??# =#??????? | | ????????????????????#=Y#?????# #### *=###????? | | ??????????????????###@[#???### == *#????? | | ??????????????????# *=%#???#"# ######## #????? | | ??????????????????# <[%#???#"! #??????# #????? | | ??????????????????# [#???#!! #??????# #????? | | ??????????????????### #???#"!!#??????# #????? | | ????????????????????# #???#"# #??????# #????? | | ????????????????????# #???#####??????# #????? | | ????????????????????# #??????????????# #????? | | ????????????????????# #??????????????# #????? | | ????????????????????# ################ ###### | | ????????????????????# | | ????????????????????# | | ????????????????????############## ######## | | ?????????????????????????????????# #??????# | | ?????????????????????????????????# #??????# | | ?????????????????????????????????# #??????# | | ?????????????????????????????????# #??????# | | ?????????????????????????????????# #??????# | | ?????????????????????????????????# #??????# | | ?????????????????????????????????#^ #?????## | | ?????????????????????????????????# ####### | | ?????????????????????????????????# | | ?????????????????????????????????# ^ | | ?????????????????????????????????########## | | ????????????????????????????????????????### | +----------------------------------------------------+ Best States ------------- Heat Dissipation 38 Energy Generation 10 Energy Capacity 250 Matter Stores 300 Matter Capacity 300 Sight Range 16 Terrain Scan Range 16 Terrain Scan Density 85 Armor Coverage 225 Propulsion Shielding 33 Evasion (%) 44 Item Schematics ----------------- None Robot Schematics ------------------ None Fabricated ------------ Nothing Alien Tech Used ----------------- None Achievements -------------- None Challenges ------------ None Game ------ Seed InsulationChipBroadsword Manual? 0 Play Time 00:34:38 Cumulative 184.3 hours Start 2023.12.24 @ 11:18:53 End 2023.12.24 @ 12:03:42 Sessions 1 Manual Loads 0 Difficulty Rogue Special Mode None Game No. 281 Rogue 281 Adventurer 0 Explorer 0 Win Type - Total 0 Types 0/0/0/0/0/0/0/0/0 Lore% 51 Gallery% 59 Achievement% 40 Wizard Run 0 Options --------- ASCII 0 Keyboard 0 Movement Mouse Keybinds 0 Fullscreen 1 Font 12/Smallcaps Map View 83x54 Tactical HUD 1 Map Filters NONE Filters NONE Steam 1 RUN: 22732dce-e1da-4c2f-b8c4-3ac2546244a0